ITL
TUSCALOOSA TROUT SLAYERS @ RICHMOND FLAIRS
04/03/2030
 
TOP OF THE 1ST
Tuscaloosa Trout Slayers batting - Pitching for Richmond Flairs : RHP Neil Snow
Pitching: RHP Neil Snow
Batting: RHB Alfredo Díaz 0-0: Ball
1-0: Foul Ball, location: 2F
1-1: Ball
2-1: Called Strike
2-2: Ball
3-2: Strikes out looking
Batting: RHB José Fernández 0-0: Called Strike
0-1: Called Strike
0-2: Ball
1-2: Ball
2-2: Fly out, F3 (Popup, 3F)
Batting: LHB Marcos Villarreal 0-0: Called Strike
0-1: Called Strike
0-2: Strikes out looking
Top of the 1st over - 0 runs, 0 hits, 0 errors, 0 left on base; Tuscaloosa 0 - Richmond 0
BOTTOM OF THE 1ST
Richmond Flairs batting - Pitching for Tuscaloosa Trout Slayers : RHP Iván Maldonado
Pitching: RHP Iván Maldonado
Batting: RHB Lonson Seals 0-0: Ball
1-0: Ball
2-0: Foul Ball, location: 2F
2-1: Foul Ball, location: 2F
2-2: Foul Ball, location: 2F
2-2: Ball
3-2: Base on Balls
Batting: RHB Jack Ray 0-0: Ball
1-0: Ball
2-0: Ball
3-0: Called Strike
3-1: Foul Ball, location: 2F
3-2: Base on Balls
Lonson Seals to second
Batting: RHB R.J. Crosby 0-0: Grounds into double play, 1-6-3 (Groundball, 13)
Lonson Seals to third
Batting: LHB Luis Villa 0-0: SINGLE (Flyball, 7LS)
Lonson Seals scores
Batting: LHB Claudio Rodríguez 0-0: Ball
Luis Villa steals 2nd base
1-0: Foul Ball, location: 2F
1-1: Ball
2-1: Foul Ball, location: 2F
2-2: Ball
3-2: SINGLE (Groundball, 34D)
Luis Villa to third
Luis Villa scores
Batting: RHB Miguel Hernández 0-0: Foul Ball, location: 2F
0-1: Called Strike
0-2: Foul Ball, location: 2F
0-2: Ball
1-2: Strikes out swinging
Bottom of the 1st over - 2 runs, 2 hits, 0 errors, 1 left on base; Tuscaloosa 0 - Richmond 2
TOP OF THE 2ND
Tuscaloosa Trout Slayers batting - Pitching for Richmond Flairs : RHP Neil Snow
Batting: LHB Ed Hart 0-0: Foul Ball, location: 2F
0-1: Foul Ball, location: 2F
0-2: Ground out 6-3 (Groundball, 6S)
Batting: LHB Miguel Rosa 0-0: Ball
1-0: Foul Ball, location: 2F
1-1: Fly out, F7 (Line Drive, 7)
Batting: RHB Juan Reyes 0-0: Ball
1-0: Ball
2-0: Called Strike
2-1: SINGLE (Line Drive, 4MD)
Batting: LHB Mark Owens 0-0: DOUBLE (Line Drive, 7D)
Juan Reyes to third
Runner from 3rd tries for Home, SAFE, no throw
Batting: RHB Greg Lee 0-0: Fly out, F8 (Flyball, 89XD)
Top of the 2nd over - 1 run, 2 hits, 0 errors, 1 left on base; Tuscaloosa 1 - Richmond 2
BOTTOM OF THE 2ND
Richmond Flairs batting - Pitching for Tuscaloosa Trout Slayers : RHP Iván Maldonado
Batting: LHB R.J. Courtney 0-0: Ball
1-0: Called Strike
1-1: Ball
2-1: Called Strike
2-2: SOLO HOME RUN (Flyball, 9D), Distance : 375 ft
Batting: RHB Christian Hudson 0-0: Ball
1-0: DOUBLE (Flyball, 8RXD)
Batting: RHB Alejandro Ramos 0-0: Ball
1-0: Foul Ball, location: 2F
1-1: Foul Ball, location: 2F
1-2: Ground out 5-3 (Groundball, 2L)
Christian Hudson to third
Batting: RHB Lonson Seals 0-0: DOUBLE (Flyball, 8RXD)
Christian Hudson scores
Batting: RHB Jack Ray 0-0: Ball
1-0: Foul Ball, location: 2F
1-1: Swinging Strike
1-2: SINGLE (Flyball, 7S)
Lonson Seals to third
Batting: RHB R.J. Crosby 0-0: Called Strike
0-1: Swinging Strike
0-2: Foul Ball, location: 2F
0-2: Fly out, F4 (Line Drive, 4M)
Batting: LHB Luis Villa 0-0: Ball
1-0: Called Strike
1-1: Called Strike
1-2: Ball
2-2: Ball
3-2: SINGLE (Line Drive, 89S)
Lonson Seals scores
Jack Ray to second
Jack Ray to third
Batting: LHB Claudio Rodríguez 0-0: Called Strike
0-1: Swinging Strike
0-2: Ball
1-2: Ball
2-2: Foul Ball, location: 2F
2-2: Ball
3-2: Fly out, F9 (Flyball, 9LMF)
Bottom of the 2nd over - 3 runs, 5 hits, 0 errors, 2 left on base; Tuscaloosa 1 - Richmond 5
TOP OF THE 3RD
Tuscaloosa Trout Slayers batting - Pitching for Richmond Flairs : RHP Neil Snow
Batting: LHB Eddy Jefferson 0-0: Swinging Strike
0-1: Ball
1-1: Foul Ball, location: 2F
1-2: Strikes out swinging
Batting: RHB Alfredo Díaz 0-0: Ball
1-0: SINGLE (Groundball, 6MD)
Batting: RHB José Fernández 0-0: Called Strike
0-1: Foul Ball, location: 2F
0-2: Ball
1-2: Strikes out swinging
Batting: LHB Marcos Villarreal 0-0: Ball
1-0: Ball
2-0: Ball
3-0: Called Strike
3-1: Called Strike
3-2: Base on Balls
Alfredo Díaz to second
Batting: LHB Ed Hart 0-0: Ball
1-0: Foul Ball, location: 2F
1-1: Called Strike
1-2: Foul Ball, location: 2F
1-2: Strikes out swinging
Top of the 3rd over - 0 runs, 1 hit, 0 errors, 2 left on base; Tuscaloosa 1 - Richmond 5
BOTTOM OF THE 3RD
Richmond Flairs batting - Pitching for Tuscaloosa Trout Slayers : RHP Iván Maldonado
Batting: RHB Miguel Hernández 0-0: Ball
1-0: Swinging Strike
1-1: Foul Ball, location: 2F
1-2: Foul Ball, location: 2F
1-2: Strikes out swinging
Batting: LHB R.J. Courtney 0-0: Ball
1-0: Ball
2-0: Ball
3-0: Called Strike
3-1: Foul Ball, location: 2F
3-2: Strikes out looking
Batting: RHB Christian Hudson 0-0: Ball
1-0: Fly out, F2 (Popup, 13S)
Bottom of the 3rd over - 0 runs, 0 hits, 0 errors, 0 left on base; Tuscaloosa 1 - Richmond 5
TOP OF THE 4TH
Tuscaloosa Trout Slayers batting - Pitching for Richmond Flairs : RHP Neil Snow
Batting: LHB Miguel Rosa 0-0: Called Strike
0-1: Called Strike
0-2: Foul Ball, location: 2F
0-2: SINGLE (Flyball, 8RS)
Batting: RHB Juan Reyes 0-0: Grounds into double play, 6-4-3 (Groundball, 6)
Batting: LHB Mark Owens 0-0: Ball
1-0: Ball
2-0: Fly out, F9 (Line Drive, 9)
Top of the 4th over - 0 runs, 1 hit, 0 errors, 0 left on base; Tuscaloosa 1 - Richmond 5
BOTTOM OF THE 4TH
Richmond Flairs batting - Pitching for Tuscaloosa Trout Slayers : RHP Iván Maldonado
Batting: RHB Alejandro Ramos 0-0: Ball
1-0: SINGLE (Line Drive, 8LS)
Batting: RHB Lonson Seals 0-0: Called Strike
0-1: Foul Ball, location: 2F
0-2: Ball
1-2: Strikes out swinging
Batting: RHB Jack Ray 0-0: Called Strike
0-1: Ball
1-1: Swinging Strike
1-2: Ball
Passed Ball!
Alejandro Ramos to second
2-2: SINGLE (Flyball, 9S)
Alejandro Ramos to third
Pitching: RHP Jimmy Bradley
Batting: RHB R.J. Crosby 0-0: Ball
1-0: Ball
2-0: Ball
3-0: Base on Balls
Jack Ray to second
Batting: LHB Luis Villa 0-0: SINGLE (Groundball, 34D)
Alejandro Ramos scores
Jack Ray to third
R.J. Crosby to second
Runner from 3rd tries for Home, SAFE, no throw
Batting: LHB Claudio Rodríguez 0-0: Called Strike
0-1: Ball
1-1: Ball
2-1: Called Strike
2-2: Strikes out swinging
Batting: RHB Miguel Hernández 0-0: Ground out U3 (Groundball, 3)
Bottom of the 4th over - 2 runs, 3 hits, 0 errors, 2 left on base; Tuscaloosa 1 - Richmond 7
TOP OF THE 5TH
Tuscaloosa Trout Slayers batting - Pitching for Richmond Flairs : RHP Neil Snow
Batting: RHB Greg Lee 0-0: Ball
1-0: Foul Ball, location: 2F
1-1: Swinging Strike
1-2: Ball
2-2: Ball
3-2: Fly out, F4 (Flyball, 4D)
Batting: LHB Eddy Jefferson 0-0: Called Strike
0-1: Ground out 1-3 (Groundball, 13S)
Batting: RHB Alfredo Díaz 0-0: Ball
1-0: Ball
2-0: Ball
3-0: Called Strike
3-1: Called Strike
3-2: Strikes out looking
Top of the 5th over - 0 runs, 0 hits, 0 errors, 0 left on base; Tuscaloosa 1 - Richmond 7
BOTTOM OF THE 5TH
Richmond Flairs batting - Pitching for Tuscaloosa Trout Slayers : RHP Jimmy Bradley
Batting: LHB R.J. Courtney 0-0: Swinging Strike
0-1: Foul Ball, location: 2F
0-2: Foul Ball, location: 2F
0-2: Foul Ball, location: 2F
0-2: Ball
1-2: Ball
2-2: Strikes out looking
Batting: RHB Christian Hudson 0-0: Called Strike
0-1: Ball
1-1: Called Strike
1-2: Ball
2-2: Ball
3-2: DOUBLE (Flyball, 8RXD)
Batting: RHB Alejandro Ramos 0-0: Ball
1-0: Ground out 4-3 (Groundball, 4)
Christian Hudson to third
Batting: RHB Lonson Seals 0-0: Fly out, F8 (Flyball, 89M)
Bottom of the 5th over - 0 runs, 1 hit, 0 errors, 1 left on base; Tuscaloosa 1 - Richmond 7
TOP OF THE 6TH
Tuscaloosa Trout Slayers batting - Pitching for Richmond Flairs : RHP Neil Snow
Batting: RHB José Fernández 0-0: Called Strike
0-1: Called Strike
0-2: Ball
1-2: Ball
2-2: Ball
3-2: Fly out, F8 (Flyball, 8RD)
Batting: LHB Marcos Villarreal 0-0: Ball
1-0: Called Strike
1-1: Called Strike
1-2: Strikes out looking
Batting: LHB Ed Hart 0-0: Ball
1-0: Called Strike
1-1: Ground out U3 (Groundball, 34S)
Top of the 6th over - 0 runs, 0 hits, 0 errors, 0 left on base; Tuscaloosa 1 - Richmond 7
BOTTOM OF THE 6TH
Richmond Flairs batting - Pitching for Tuscaloosa Trout Slayers : RHP Jimmy Bradley
Batting: RHB Jack Ray 0-0: Ball
1-0: Ball
2-0: Ground out 5-3 (Groundball, 56S)
Batting: RHB R.J. Crosby 0-0: Ball
1-0: Ground out 3-1 (Groundball, 34)
Batting: LHB Luis Villa 0-0: Fly out, F4 (Popup, 13)
Bottom of the 6th over - 0 runs, 0 hits, 0 errors, 0 left on base; Tuscaloosa 1 - Richmond 7
TOP OF THE 7TH
Tuscaloosa Trout Slayers batting - Pitching for Richmond Flairs : RHP Neil Snow
Batting: LHB Miguel Rosa 0-0: Called Strike
0-1: Called Strike
0-2: Ball
1-2: Strikes out swinging
Batting: RHB Juan Reyes 0-0: Ball
1-0: Called Strike
1-1: SINGLE (Flyball, 8RS)
Batting: LHB Mark Owens 0-0: Swinging Strike
0-1: Ball
1-1: Foul Ball, location: 2F
1-2: Ball
2-2: Foul Ball, location: 2F
2-2: Strikes out looking
Batting: RHB Greg Lee 0-0: Called Strike
0-1: Ball
1-1: Swinging Strike
1-2: Foul Ball, location: 2F
1-2: Fly out, F8 (Flyball, 8LS)
Top of the 7th over - 0 runs, 1 hit, 0 errors, 1 left on base; Tuscaloosa 1 - Richmond 7
BOTTOM OF THE 7TH
Richmond Flairs batting - Pitching for Tuscaloosa Trout Slayers : RHP Jimmy Bradley
Batting: LHB Claudio Rodríguez 0-0: Called Strike
0-1: Ball
1-1: Ball
2-1: Called Strike
2-2: Ball
3-2: Strikes out looking
Batting: RHB Miguel Hernández 0-0: Ball
1-0: Foul Ball, location: 2F
1-1: Ground out 6-3 (Groundball, 6)
Batting: LHB R.J. Courtney 0-0: Ball
1-0: Swinging Strike
1-1: Fly out, F9 (Flyball, 9D)
Bottom of the 7th over - 0 runs, 0 hits, 0 errors, 0 left on base; Tuscaloosa 1 - Richmond 7
TOP OF THE 8TH
Tuscaloosa Trout Slayers batting - Pitching for Richmond Flairs : RHP Neil Snow
Pitching: RHP Sandro Gonzáles
Batting: LHB Eddy Jefferson 0-0: Called Strike
0-1: Called Strike
0-2: Ball
1-2: Ground out 1-3 (Groundball, P)
Batting: RHB Alfredo Díaz 0-0: Called Strike
0-1: Ground out 6-3 (Groundball, 6)
Batting: RHB José Fernández 0-0: Ball
1-0: SINGLE (Line Drive, 8LS)
Batting: LHB Marcos Villarreal 0-0: Ball
1-0: Called Strike
1-1: Called Strike
1-2: Fly out, F9 (Flyball, 9S)
Top of the 8th over - 0 runs, 1 hit, 0 errors, 1 left on base; Tuscaloosa 1 - Richmond 7
BOTTOM OF THE 8TH
Richmond Flairs batting - Pitching for Tuscaloosa Trout Slayers : RHP Jimmy Bradley
Batting: RHB Christian Hudson 0-0: Called Strike
0-1: Foul Ball, location: 2F
0-2: Foul Ball, location: 2F
0-2: Foul Ball, location: 2F
0-2: Ball
1-2: Foul Ball, location: 2F
1-2: Foul Ball, location: 2F
1-2: Ball
2-2: Foul Ball, location: 2F
2-2: Ground out 6-3 (Groundball, 6S)
Batting: RHB Alejandro Ramos 0-0: Called Strike
0-1: Ground out 4-3 (Groundball, 34)
Batting: RHB Lonson Seals 0-0: Ground out U3 (Groundball, 3)
Bottom of the 8th over - 0 runs, 0 hits, 0 errors, 0 left on base; Tuscaloosa 1 - Richmond 7
TOP OF THE 9TH
Tuscaloosa Trout Slayers batting - Pitching for Richmond Flairs : RHP Sandro Gonzáles
Now in LF: Roland Jones
Batting: LHB Ed Hart 0-0: Ball
1-0: Ball
2-0: Foul Ball, location: 2F
2-1: Ball
3-1: Foul Ball, location: 2F
3-2: Strikes out swinging
Batting: LHB Miguel Rosa 0-0: Ball
1-0: Ball
2-0: SOLO HOME RUN (Flyball, 9LD), Distance : 333 ft
Batting: RHB Juan Reyes 0-0: Called Strike
0-1: Ball
1-1: Foul Ball, location: 2F
1-2: Ball
2-2: Strikes out swinging
Batting: LHB Mark Owens 0-0: Ball
1-0: Ball
2-0: Ball
3-0: Called Strike
3-1: Foul Ball, location: 2F
3-2: SINGLE (Groundball, 4MD)
Batting: RHB Greg Lee 0-0: Ball
1-0: Called Strike
1-1: Ball
2-1: Fly out, F9 (Line Drive, 9S)
Top of the 9th over - 1 run, 2 hits, 0 errors, 1 left on base; Tuscaloosa 2 - Richmond 7
Saturday, April 7th, 2018 - OOTP Baseball 18.8 Build 76